 Dungeon Crawl Stone Soup version 0.30-a0-702-gdf48620a09 (webtiles) character file.

Game seed: 13667964370163250597

10453 Newt the Cruncher (level 11, -4/89 HPs)
             Began as a Demonspawn Gladiator on Jan 21, 2023.
             Was an Initiate of Gozag.
             Succumbed to barbed spike wounds
             ... on level 12 of the Dungeon.
             The game lasted 00:11:19 (9631 turns).

Newt the Cruncher (Demonspawn Gladiator)            Turns: 9631, Time: 00:11:19

Health: -4/89      AC: 13    Str: 36    XL:     11   Next: 36%
Magic:  11/11      EV: 13    Int:  8    God:    Gozag
Gold:   1117       SH:  5    Dex: 23    Spells: 10/10 levels left

rFire   . . .      SeeInvis .    r - +7 quarterstaff of the Silent Majority {freeze, Fragile Str+5 Int-2 Dex+9}
rCold   . . .      Faith    .    (shield currently unavailable)
rNeg    . . .      Spirit   .    C - +0 steam dragon scales
rPois   .          Reflect  +    c - +1 helmet
rElec   .          Harm     .    (cloak unavailable)
rCorr   +          Rampage  .    (no gloves)
Will    .....                    (no boots)
Stlth   ++                       s - amulet of reflection
HPRegen 0.34/turn                o - +6 ring of strength
MPRegen 0.24/turn                D - +6 ring of strength

@: spiked
A: yellow scales 3, magic regeneration, weakness stinger 3
a: Renounce Religion, Potion Petition, Call Merchant, Bribe Branch


You were on level 12 of the Dungeon.
You worshipped Gozag.
Gozag was most pleased with you.
You visited 1 branch of the dungeon, and saw 11 of its levels.
You also visited: Sewer.

You collected 1800 gold pieces.
You paid 683 gold pieces to Gozag.

Inventory:

Hand Weapons
 a - a +1 rapier
 r - the +7 quarterstaff of the Silent Majority (weapon) {freeze, Fragile Str+5 Int-2 Dex+9}
   (You found it on level 3 of the Dungeon)

   Str:       It affects your strength (+5).
   Int:       It affects your intelligence (-2).
   Dex:       It affects your dexterity (+9).
   Fragile:   It will be destroyed if unequipped.
 A - the +10 short sword of Goriust {venom, rPois Will+}
   (You found it in a sewer)

   rPois:     It protects you from poison.
   Will:      It increases your willpower.
Missiles
 d - a throwing net (quivered)
 f - 3 javelins
 p - 4 boomerangs
 J - 2 large rocks
Armour
 b - a +0 leather armour
 c - a +1 helmet (worn)
 C - +0 steam dragon scales (worn)
Jewellery
 k - an amulet of faith
 o - a +6 ring of strength (left hand)
 s - an amulet of reflection (around neck)
 D - a +6 ring of strength (right hand)
 F - a ring of protection from cold
 G - a +6 ring of strength
Wands
 q - a wand of polymorph (9)
 B - a wand of quicksilver (8)
Scrolls
 g - 2 scrolls of amnesia
 h - 2 scrolls of fog
 j - 4 scrolls of teleportation
 m - a scroll of torment
 n - 2 scrolls of enchant weapon
 y - a scroll of enchant armour
Potions
 e - 4 potions of curing
 i - 3 potions of attraction
 l - 4 potions of heal wounds
 t - a potion of might
 u - 3 potions of mutation
 v - a potion of cancellation {unknown}
 w - 3 potions of haste
 x - a potion of magic
 z - a potion of flight
 E - 2 potions of resistance
 H - a potion of brilliance {unknown}
 I - a potion of lignification {unknown}


   Skills:
 - Level 9.0 Fighting
 - Level 2.6 Short Blades
 - Level 10.0 Staves
 - Level 5.0 Throwing
 - Level 9.0 Armour
 - Level 2.6 Dodging
 - Level 2.0 Stealth
 + Level 2.3 Evocations


You had 10 spell levels left.
You didn't know any spells.
Your spell library contained the following spells:

 Spells                   Type           Power      Damage    Failure   Level
 Necrotise                Necr           0%         1d4       41%         1
 Sting                    Tmut/Pois      0%         1d3       41%         1
 Blink                    Tloc           0%         N/A       54%         2
 Ensorcelled Hibernation  Hex/Ice        0%         N/A       54%         2
 Lesser Beckoning         Tloc           0%         N/A       54%         2
 Poisonous Vapours        Pois/Air       0%         N/A       54%         2
 Call Canine Familiar     Summ           0%         N/A       78%         3
 Gell's Gravitas          Tloc           0%         N/A       78%         3
 Portal Projectile        Hex/Tloc       0%         N/A       78%         3
 Spider Form              Tmut/Pois      0%         N/A       78%         3
 Teleport Other           Tloc           0%         N/A       78%         3
 Vampiric Draining        Necr           0%         2d6       78%         3
 Airstrike                Air            0%         2d(0-16)  99%         4
 Anguish                  Hex/Necr       0%         N/A       99%         4
 Animate Armour           Summ/Erth      0%         N/A       99%         4
 Cause Fear               Hex            0%         N/A       99%         4
 Leda's Liquefaction      Hex/Erth       0%         N/A       99%         4
 Manifold Assault         Tloc           0%         N/A       99%         4
 Olgreb's Toxic Radiance  Pois           0%         N/A       99%         4
 Summon Lightning Spire   Summ/Air       0%         N/A       99%         4
 Agony                    Necr           0%         N/A       100%        5
 Blade Hands              Tmut           0%         N/A       100%        5
 Lightning Bolt           Conj/Air       0%         1d11      100%        5
 Iron Shot                Conj/Erth      0%         9d1       100%        6
 Dragon Form              Tmut           0%         N/A       100%        7
 Storm Form               Tmut/Air       0%         N/A       100%        7
 Dragon's Call            Summ           0%         N/A       100%        9


Dungeon Overview and Level Annotations

Branches:
Dungeon (10/15)            Temple (0/1) D:7            Lair (0/5) D:8
    Orc (0/2) D:10          Sewer (visited)

Altars:
Cheibriados
Gozag
Hepliaklqana
Kikubaaqudgha
Makhleb
Okawaru
Qazlal
Sif Muna
Vehumet
Wu Jian
Xom

Annotations:
D:12 Erolcha


Innate Abilities, Weirdness & Mutations

You are completely covered in yellow scales. (AC +4, rCorr)
You regenerate magic rapidly.
You have a sharp stinger which inflicts weakening toxins.


Message History

You block the vampire mosquito's attack.
The vampire mosquito closely misses you.
The boulder beetle curls into a ball and begins rolling!
The vampire mosquito bites you but does no damage.
A gargoyle comes into view. It is wielding a +0 flail.
The vampire mosquito bites you.
The vampire mosquito draws strength from your injuries!
A troll comes into view.
A cyan ugly thing comes into view.
The vampire mosquito misses you.
The freezing wraith hits you but does no damage.
The freezing wraith hits you. The freezing wraith drains your vigour!
You feel yourself slow down.
The orc wizard attacks as you move away!
The orc wizard hits you but does no damage.
The freezing wraith hits you.
* * * LOW HITPOINT WARNING * * *
The freezing wraith freezes you!
* * * LOW HITPOINT WARNING * * *
You block the freezing wraith's attack.
The vampire mosquito attacks as you move away!
The vampire mosquito bites you but does no damage.
You enter the shallow water.
Moving in this stuff is going to be slow.
A slime creature comes into view.
Your surroundings suddenly seem different.
A manticore, a cyclops, a vampire mosquito and a basilisk come into view.
Found an ancient golden ring and a potion of heal wounds.
Found a stone staircase leading up.
The cyclops shouts!
The cyclops throws a large rock.
The large rock barely misses you.
The slime creature moves out of view.
There is a stone staircase leading up here.
You feel yourself speed up.
The manticore flicks its tail.
The volley of spikes hits you!
The barbed spikes become lodged in your body.
* * * LOW HITPOINT WARNING * * *
The barbed spikes dig painfully into your body as you move.
You die...
Your body crumbles into a pile of gold.

# .. . . .# . $
. $ . ~##
...#######≈.#
~~~H~~~~≈~#.#
....C...@...#
.............#
..............#
......l#=.......
##.#...#........
# ###.#....!...
..........#
.....###.##


You could see a manticore, a cyclops and a basilisk.

Vanquished Creatures
  Gastronok (D:8)
  A two-headed ogre (D:10)
  A centaur warrior (D:8)
  A boulder beetle (D:8)
  Amaemon (D:8)
  A cyclops (D:12)
  An orange demon (D:8)
  2 kobold demonologists (D:9)
  Maggie (D:5)
  A komodo dragon (D:8)
  Prince Ribbit (D:5)
  4 slime creatures (D:12)
  6 yaks (D:10)
  Menkaure (D:7)
  4 water moccasins
  An ice beast (D:3)
  Pargi (Sewer)
  A black bear (D:8)
  2 ogres
  A centaur (D:8)
  2 phantoms
  A kobold brigand (D:7)
  2 necrophages
  Blork the orc (D:5)
  5 bullfrogs
  A gnoll sergeant (D:7)
  3 scorpions
  5 wights
  15 killer bees
  5 howler monkeys
  A jelly (D:6)
  A hound (D:5)
  2 iguanas
  6 orc wizards
  8 gnolls
  10 adders
  3 white imps
  An ufetubus (D:4)
  2 dart slugs
  19 orcs
  6 ball pythons
  9 bats
  6 endoplasms
  9 giant cockroaches
  5 goblins
  7 hobgoblins
  6 jackals
  20 kobolds
  6 quokkas
  8 frilled lizards
  3 rats
211 creatures vanquished.

Vanquished Creatures (others)
  A human (D:6)
  39 fungi (D:8)
  39 plants (D:8)
79 creatures vanquished.

Grand Total: 290 creatures vanquished

Notes
Turn   | Place    | Note
-------+----------+-------------------------------------------
     0 | D:1      | Newt the Demonspawn Gladiator began the quest for the Orb.
     0 | D:1      | Reached XP level 1. HP: 16/16 MP: 1/1
    28 | D:1      | Reached skill level 1 in Stealth
   317 | D:1      | Gained mutation: You regenerate magic rapidly. [demonic
                  | ancestry]
   317 | D:1      | Reached XP level 2. HP: 22/22 MP: 2/2
   615 | D:1      | Gained mutation: You have a small tail. [demonic ancestry]
   615 | D:1      | Reached XP level 3. HP: 28/28 MP: 3/3
   986 | D:2      | Found a faded altar of an unknown god.
  1593 | D:3      | Reached XP level 4. HP: 36/37 MP: 4/4
  1622 | D:3      | Found a shimmering blue altar of Sif Muna.
  1763 | D:3      | Found an opulent altar of Gozag.
  1793 | D:3      | Identified the +7 quarterstaff of the Silent Majority
                  | {freeze, Fragile Str+5 Int-2 Dex+9}
  1801 | D:3      | Became a worshipper of Gozag Ym Sagoz the Greedy
  2104 | D:3      | Noticed an ice beast
  2109 | D:3      | Killed an ice beast
  2110 | D:3      | Gained mutation: You have a tail ending in a sharp stinger.
                  | [demonic ancestry]
  2110 | D:3      | Reached XP level 5. HP: 42/42 MP: 5/5
  2505 | D:4      | Found a hazy altar of Hepliaklqana.
  2579 | D:4      | Noticed an ogre
  2583 | D:4      | Killed an ogre
  2584 | D:4      | Gained mutation: You have a sharp stinger which inflicts
                  | weakening toxins. [demonic ancestry]
  2584 | D:4      | Reached XP level 6. HP: 48/48 MP: 6/6
  2672 | D:4      | Found a shimmering altar of Xom.
  2672 | D:4      | Found a shimmering altar of Xom.
  2673 | D:4      | Found a shimmering altar of Xom.
  2677 | D:4      | Found a shimmering altar of Xom.
  2679 | D:4      | Found a shimmering altar of Xom.
  2704 | D:4      | Found a radiant altar of Vehumet.
  2727 | D:4      | Reached skill level 5 in Throwing
  2899 | D:4      | Found a burning altar of Makhleb.
  3115 | D:4      | Reached skill level 2 in Staves
  3282 | D:5      | Entered Level 5 of the Dungeon
  3426 | D:5      | Reached XP level 7. HP: 54/54 MP: 7/7
  3429 | D:5      | Reached skill level 3 in Staves
  3494 | D:5      | Found an ornate altar of the Wu Jian Council.
  3547 | D:5      | Noticed Blork the orc
  3558 | D:5      | Killed Blork the orc
  3559 | D:5      | Reached skill level 4 in Staves
  4227 | D:5      | Noticed Prince Ribbit
  4238 | D:5      | Killed Prince Ribbit
  4239 | D:5      | Reached skill level 5 in Staves
  4239 | D:5      | Gained mutation: You are partially covered in yellow
                  | scales. (AC +2) [demonic ancestry]
  4239 | D:5      | Reached XP level 8. HP: 39/60 MP: 8/8
  4411 | D:6      | Found a glowing drain.
  4434 | Sewer    | Entered a sewer
  4489 | Sewer    | Identified the +10 short sword of Goriust {venom, rPois
                  | Will+}
  4496 | Sewer    | Noticed Pargi
  4501 | Sewer    | Killed Pargi
  4502 | Sewer    | Reached skill level 6 in Staves
  4502 | Sewer    | Reached skill level 1 in Armour
  4700 | D:6      | Noticed Maggie
  4715 | D:5      | Killed Maggie
  4970 | D:6      | Reached skill level 5 in Armour
  5114 | D:6      | Found a stormy altar of Qazlal.
  5288 | D:6      | Found an ancient bone altar of Kikubaaqudgha.
  5321 | D:6      | Identified the +2 robe of Patseann {rElec Regen+}
  5361 | D:7      | Noticed Menkaure
  5369 | D:7      | Killed Menkaure
  5569 | D:7      | Found a staircase to the Ecumenical Temple.
  5655 | D:7      | Gained mutation: You are mostly covered in yellow scales.
                  | (AC +3) [demonic ancestry]
  5655 | D:7      | Reached XP level 9. HP: 66/66 MP: 9/9
  6455 | D:7      | Reached skill level 5 in Fighting
  6478 | D:8      | Noticed Amaemon
  6479 | D:8      | Noticed an orange demon
  6497 | D:8      | Killed Amaemon
  6905 | D:8      | Killed an orange demon
  7111 | D:8      | Found a snail-covered altar of Cheibriados.
  7227 | D:8      | Noticed a boulder beetle
  7229 | D:8      | Noticed a centaur warrior
  7240 | D:8      | Killed a centaur warrior
  7241 | D:8      | Reached XP level 10. HP: 21/83 MP: 10/10
  7246 | D:8      | Killed a boulder beetle
  7950 | D:8      | Found a staircase to the Lair.
  8021 | D:8      | Noticed Gastronok
  8033 | D:8      | Killed Gastronok
  8034 | D:8      | Reached skill level 7 in Staves
  8214 | D:8      | Reached skill level 8 in Staves
  8387 | D:9      | Noticed a sixfirhy
  8391 | D:9      | Noticed an orange demon
  8395 | D:9      | Noticed a rust devil
  8468 | D:9      | Gained mutation: You are completely covered in yellow
                  | scales. (AC +4, rCorr) [demonic ancestry]
  8468 | D:9      | Reached XP level 11. HP: 87/89 MP: 11/11
  8972 | D:9      | Found an iron altar of Okawaru.
  9057 | D:10     | Entered Level 10 of the Dungeon
  9067 | D:10     | Found a staircase to the Orcish Mines.
  9113 | D:10     | Noticed a two-headed ogre
  9121 | D:10     | Killed a two-headed ogre
  9122 | D:10     | Reached skill level 9 in Staves
  9523 | D:10     | You fall into a shaft and drop 2 floors!
  9564 | D:12     | Reached skill level 10 in Staves
  9586 | D:12     | Reached skill level 1 in Evocations
  9618 | D:12     | Noticed Erolcha
  9619 | D:12     | Noticed a two-headed ogre
  9623 | D:12     | Noticed a boulder beetle
  9625 | D:12     | Noticed a cyan ugly thing
  9630 | D:12     | HP: 1/89 [manticore/volley of spikes (9)]
  9631 | D:12     | Succumbed to barbed spike wounds

Illustrated notes

Levels and vault maps discovered:
D:1:      lemuel_arrival_hallway, layout_rooms
D:2:      layout_loops_ring, dilly_ecumenical_altar_fadedgnrine,
          solitary_fountain
D:3:      layout_loops_ring, mainiacjoe_overflow_24_doors, marbit_many_paths
D:4:      layout_basic, mainiacjoe_overflow_concentric_impassable,
          mainiacjoe_overflow_alcove_4, kennysheep_mini_moat,
          fiery_altar_vehumet, xom_redecorated
D:5:      layout_loops_ring, lemuel_doored_altar, uniq_prince_ribbit1,
          uniq_blork_the_orc
D:6:      layout_rooms, tgw_kikubaaqudgha, mainiacjoe_overflow_small_starburst,
          portal_sewer_entry_f, corexii_hall_statues_l, uniq_maggie
D:7:      layout_loops_cross, minmay_temple_entry_junction,
          serial_co_window_serial, co_window_paths_b, co_window_paths_a,
          co_window_corner_a, co_window_paths_b, co_window_paths_b,
          co_window_of_opportunity_a, co_window_of_opportunity_b,
          co_window_corner_b, co_window_broadway_c, co_window_2corner,
          co_window_2corner, co_window_sun, glass_columns_b, corner_web_ring,
          uniq_menkaure
D:8:      layout_basic, nicolae_overflow_crystal_walls,
          due_lair_maze_entry_diamond, uniq_amaemon, uniq_gastronok
D:9:      layout_rooms, lemuel_tele_altar
D:10:     layout_stronghold, mainiacjoe_overflow_alcove_1, orc_0_dummy
D:12:     cheibrodos_ideogram_h, layout_cave_pools, uniq_erolcha, uniq_azrael

Skill      XL: |  1  2  3  4  5  6  7  8  9 10 11 |
---------------+----------------------------------+-----
Stealth        | 1 2 |  2.0
Fighting       | 3 4 9 |  9.0
Throwing       | 3 4 5 |  5.0
Staves         | 2 5 6 8 10 | 10.0
Armour         | 6 9 |  9.0
Evocations     | 2 |  2.3
Short Blades   | |  2.6
Dodging        | |  2.6

Action                   |  1- 3 |  4- 6 |  7- 9 | 10-12 || total
-------------------------+-------+-------+-------+-------++-------
Melee: Rapier            |   164 |    12 |       |       ||   176
       Tailslap          |     9 |     4 |    28 |    22 ||    63
       Quarterstaff      |       |    64 |   197 |   166 ||   427
Throw: Throwing net      |     1 |       |     2 |       ||     3
       Javelin           |     1 |       |       |       ||     1
Invok: Potion Petition   |       |       |     1 |       ||     1
  Use: Scroll            |     8 |     7 |     4 |     4 ||    23
       Potion            |       |     1 |     4 |     1 ||     6
 Stab: Sleeping          |       |     5 |     4 |       ||     9
       Distracted        |       |     1 |     2 |     3 ||     6
       Held in net/web   |       |       |     2 |       ||     2
Armor: Leather armour    |    64 |    15 |    16 |       ||    95
       Steam dragon scal |       |       |    51 |    52 ||   103
Dodge: Dodged            |   108 |    45 |   125 |    91 ||   369
Block: Other             |       |     9 |    50 |    36 ||    95
       Reflection        |       |       |       |     1 ||     1

Table legend: (Time is in decaauts)
 A = Elapsed time spent in this place.
 B = Non-inter-level travel time spent in this place.
 C = Inter-level travel time spent in this place.
 D = Time resting spent in this place.
 E = Time spent auto-exploring this place.
 F = Levels seen in this place.
 G = Mean time per level.
                   A        B        C        D        E       F      G
               +--------+--------+--------+--------+--------+-----+--------+
         Total |   9645 |   9426 |    219 |   2109 |   5780 |  12 |  803.8 |
       Dungeon |   9460 |   9241 |    219 |   2109 |   5645 |  11 |  860.0 |
         Sewer |    185 |    185 |      0 |      0 |    135 |   1 |  185.0 |
               +--------+--------+--------+--------+--------+-----+--------+

Top non-repeatable levels by time:
     D:7: 1480 daAuts
     D:8: 1467 daAuts
     D:5: 1370 daAuts
     D:3: 959 daAuts
     D:1: 873 daAuts
     D:4: 796 daAuts
     D:9: 736 daAuts
     D:2: 685 daAuts
     D:6: 522 daAuts
    D:10: 461 daAuts
   Sewer: 185 daAuts
    D:12: 105 daAuts
